 Dungeon Crawl Stone Soup version 0.27.1-33-g824d729ab1 (webtiles) character file.

Game seed: 2624812904989072139

50 zeram the Sneak (level 3, -2/36 HPs)
             Began as an Octopode Brigand on Dec 24, 2021.
             Slain by a gnoll (6 damage)
             ... on level 2 of the Dungeon.
             The game lasted 00:01:44 (1695 turns).

zeram the Sneak (Octopode Brigand)                  Turns: 1695, Time: 00:01:45

Health: -2/36      AC: 21    Str: 10    XL:     3   Next: 79%
Magic:  3/3        EV:  2    Int: 14    God:
Gold:   93         SH:  0    Dex: 13    Spells: 2/2 levels left

rFire    . . .     SeeInvis .   a - +2 dagger
rCold    . . .     Faith    .   (no shield)
rNeg     + + +     Spirit   .   (helmet currently unavailable)
rPois    +         Reflect  .   (no amulet)
rElec    .         Harm     .   (no ring)
rCorr    .         Rampage  .   (no ring)
Will     .....     NoTele   +   (no ring)
Stlth    +++.......             (no ring)
HPRegen  0.12/turn              (no ring)
MPRegen  0.08/turn              (no ring)
                                (no ring)
                                (no ring)

@: brilliant, tree-form
A: stationary, stasis, torment immunity, boosted hp, almost no armour,
(amphibious), 8 rings, (camouflage 1), (gelatinous body 1), (nimble swimmer 1),
(tentacles)
a: no special abilities


You were on level 2 of the Dungeon.
You were a tree.
You visited 1 branch of the dungeon, and saw 2 of its levels.

You collected 93 gold pieces.

Inventory:

Hand Weapons
 a - a +2 dagger (weapon)
Missiles
 b - 8 poisoned darts (quivered)
 c - 2 curare-tipped darts
Scrolls
 e - 2 scrolls of identify {unknown}
 g - 2 scrolls of teleportation {unknown}
 h - a scroll of enchant armour {unknown}


   Skills:
 - Level 2.0 Fighting
 - Level 2.0 Short Blades
 - Level 2.0 Throwing
 - Level 1.0 Dodging
 + Level 7.4 Stealth


You had 2 spell levels left.
You didn't know any spells.
Your spell library contained the following spells:

 Spells                   Type           Power      Damage    Failure   Level
 Gell's Gravitas          Tloc           0%         N/A       65%         3
 Lesser Beckoning         Tloc           0%         N/A       65%         3
 Teleport Other           Tloc           0%         N/A       65%         3


Dungeon Overview and Level Annotations

Branches:
Dungeon (2/15)

Altars:

Shops:
D:1 :


Innate Abilities, Weirdness & Mutations

You are a tree.
Your roots penetrate the ground, keeping you stationary.
You cannot be teleported.
You are immune to unholy pain and torment.
Your maximum health is greatly increased.
You cannot wear most types of armour.
((You are amphibious.))
You can wear up to eight rings at the same time.
((Your skin changes colour to match your surroundings (Stealth+).))
((Your rubbery body absorbs attacks. (AC +1, EV +1)))
((You are camouflaged near water. (Stealth+)))
((You have tentacles for arms and can constrict up to eight enemies at once.))


Message History

No target in view!
No target in view!
No target in view!
No target in view!
No target in view!
No target in view!
No target in view!
No target in view!
There is a fountain of clear blue water here.
You now have 93 gold pieces (gained 10).
There is a fountain of clear blue water here.
You open the door.
There is an open door here.
You open the door.
A gnoll comes into view. It is wielding a +0 flail.
A gnoll is nearby!
A gnoll is nearby!
A gnoll is nearby! 2 gnolls come into view.
A gnoll is wielding a +0 halberd of flaming.
The gnoll shouts!
A goblin comes into view. It is wielding a +0 club.
The goblin shouts!
The gnoll hits you with a +0 halberd of flaming!
Ouch! That really hurt!
The gnoll burns you.
* * * LOW HITPOINT WARNING * * *
The gnoll hits you from afar with a +0 halberd of flaming.
* * * LOW HITPOINT WARNING * * *
The gnoll burns you.
* * * LOW HITPOINT WARNING * * *
The gnoll shouts!
The gnoll closely misses you.
There is an open door here.
It was a potion of lignification.
You turn into a tree.
Your roots penetrate the ground.
The gnoll hits you but does no damage.
It was a potion of brilliance.
You feel clever all of a sudden. The gnoll hits you with a +0 flail.
You die...

...................#####........
................................
....................####........
#....................# #########
######+###......####'####
#......#.......#
##.g.###†..⌠...# #..g###.......#
#..gg♣#.⌠...⌠.# #...###...(...#
#...# #...⌠...# #...#
#.......##..(..# #...#
####'#####.....# #...# #..#
#.....# ##### ##.# #.....# #.#
#.....# #.# #.....#


You could see 3 gnolls and a goblin.

Vanquished Creatures
  An adder (D:2)
  A worm (D:2)
  2 bats (D:1)
  4 endoplasms
  A giant cockroach (D:1)
  2 goblins (D:1)
  6 hobgoblins
  5 kobolds
  9 ball pythons
  3 frilled lizards (D:1)
  2 rats (D:1)
36 creatures vanquished.

Vanquished Creatures (others)
  A fungus (D:1)
  A plant (D:1)
2 creatures vanquished.

Grand Total: 38 creatures vanquished

Notes
Turn   | Place    | Note
-------+----------+-------------------------------------------
     0 | D:1      | zeram the Octopode Brigand began the quest for the Orb.
     0 | D:1      | Reached XP level 1. HP: 14/14 MP: 1/1
    63 | D:1      | Reached XP level 2. HP: 19/19 MP: 2/2
    93 | D:1      | Reached skill level 6 in Stealth
   631 | D:1      | Found Muamir's Book Boutique.
   877 | D:1      | Reached XP level 3. HP: 24/24 MP: 3/3
  1330 | D:1      | Found a faded altar of an unknown god.
  1448 | D:2      | Reached skill level 7 in Stealth
  1695 | D:2      | Slain by a gnoll

Illustrated notes

Levels and vault maps discovered:
D:1:      lightli_arrival_isolated_outpost, layout_loops_ring,
          shapermc_ecumenical_altar_petra, serial_shops, shop
D:2:      layout_basic, kennysheep_generic_room_10

Skill      XL: |  1  2  3 |
---------------+----------+-----
Stealth        | 6 7 |  7.4
Fighting       | |  2.0
Short Blades   | |  2.0
Throwing       | |  2.0
Dodging        | |  1.0

Action                   || total
-------------------------++-------
Melee: Dagger            ||    64
       Constrict         ||    11
       Tentacles         ||    12
  Use: Potion            ||     2
 Stab: Sleeping          ||    13
       Distracted        ||     1
Armor: Skin              ||     3
Dodge: Dodged            ||    19
